 Dungeon Sprint DCSS version 0.26-a0-660-gc07710193c (webtiles) character file.

Game seed: 3577382706300966086

5645 rocky1 the Impaler (level 10, -6/94 HPs)
             Began as a Merfolk Gladiator on Oct 8, 2020.
             Was the Champion of Cheibriados.
             Mangled by a deep elf knight
             ... wielding a +0 long sword
              (20 damage)
             ... in the Dungeon (Sprint III: "The Ten Rune Challenge").
             The game lasted 00:10:14 (1791 turns).

rocky1 the Impaler (Merfolk Gladiator)              Turns: 1791, Time: 00:10:14

Health: -6/94      AC:  6    Str: 32    XL:     10   Next: 74%
Magic:  20/20      EV: 32    Int: 24    God:    Cheibriados [******]
Gold:   2371       SH:  0    Dex: 32    Spells: 9/9 levels left

rFire    . . .     SeeInvis .   a - +0 trident
rCold    . . .     Faith    .   (no shield)
rNeg     . . .     Spirit   .   b - +0 leather armour
rPois    .         Reflect  .   c - +0 helmet
rElec    .         Harm     .   (no cloak)
rCorr    .         Rampage  .   (no gloves)
MR       .....     NoTele   +   (no boots)
Stlth    ++........             (no amulet)
HPRegen  0.25/turn              (no ring)
MPRegen  0.17/turn              (no ring)

@: mighty, very slow
A: change form in water, swift swim, stealthy swim, yellow scales 1, clever 1,
high mp 1, sturdy frame 1
a: Bend Time, Temporal Distortion, Slouch, Step From Time, Renounce Religion


You were in the Dungeon.
You worshipped Cheibriados.
Cheibriados was exalted by your worship.
You visited 1 branch You collected 2371 gold pieces.

Inventory:

Hand Weapons
 a - a +0 trident (weapon)
 r - a +0 long sword of holy wrath
Missiles
 d - 3 throwing nets (quivered)
Armour
 b - a +0 leather armour (worn)
 c - a +0 helmet (worn)
Wands
 i - a wand of disintegration (11)
Scrolls
 g - 2 scrolls of holy word {unknown}
 j - a scroll of blinking
 k - a scroll of fog {unknown}
 l - 4 scrolls of remove curse
 m - a scroll of identify {unknown}
Potions
 e - 2 potions of curing
 h - 2 potions of magic
 n - a potion of degeneration {unknown}
 o - a potion of flight {unknown}
 p - a potion of mutation
 q - a potion of heal wounds


   Skills:
 + Level 14.0 Fighting
 + Level 17.7 Polearms
 - Level 2.0 Throwing
 + Level 2.7 Armour
 + Level 16.5 Dodging
 + Level 11.2 Invocations


You had 9 spell levels left.
You didn't know any spells.
Your spell library contained the following spells:

 Spells                   Type           Power        Failure   Level
 Poisonous Vapours        Pois/Air       #.....       22%         2
 Conjure Flame            Conj/Fire      #.......     41%         3
 Mephitic Cloud           Conj/Pois/Air  #.......     41%         3
 Freezing Cloud           Conj/Ice/Air   #.........   100%        6


Dungeon Overview and Level Annotations

Branches:
Dungeon (1/1)

Altars:
Cheibriados
Dithmenos
Elyvilon
Fedhas
Gozag
Hepliaklqana
Kikubaaqudgha
Makhleb
Nemelex Xobeh
Okawaru
Qazlal
Ru
Sif Muna
Trog
Uskayaw
Vehumet
Wu Jian
Xom
Yredelemnul
Zin
The Shining One
Beogh
Jiyva
Lugonu

Shops:
D (


Innate Abilities, Weirdness & Mutations

You revert to your normal form in water.
You are very nimble and swift while swimming.
You are very stealthy in the water. (Stealth+)
You are partially covered in yellow scales. (AC +2)
Your mind is acute. (Int +2)
You have an increased reservoir of magic. (+10% MP)
Your movements are slightly less encumbered by armour. (ER -2)


Message History

The deep elf mage barely misses you.
You puncture the deep elf mage!
The deep elf mage is almost dead.
You puncture the deep elf mage!
You kill the deep elf mage!
Cheibriados thoroughly appreciates the change of pace.
Your Fighting skill increases to level 14!
Unknown command.
You hear some strange, mumbled words.
A shard of ice appears from out of thin air!
The shard of ice misses you.
You hear some strange, mumbled words.
A shard of ice appears from out of thin air!
The shard of ice hits you!! The deep elf mage casts a spell at you.
The bolt of lightning hits you!!
* * * LOW HITPOINT WARNING * * *
The bolt of lightning misses you.
The deep elf knight hits you with a +0 long sword!!
You die...

▓▓▓▓▓▓▓▓▓▓
#######.#..##..#######
_#__#..#.###...'.#...#
.#._#.........##.#...##≈
##)##..........#.#...≈≈≈
....#........∩.#@#...##≈
....#.#..##.####{ee..#
###'#.#..#### #######
#...#)#############
#...#.)≈§≈'.#))...+
#...#.#§≈≈#.#)#...#
#...'.#§§§#.#.#...#
'...#.#.§§#.((#...#
▓▓▓▓▓▓▓▓▓▓▓▓▓▓▓▓▓▓#


You could see a deep elf knight and a deep elf mage.

Vanquished Creatures
  Snorg (D)
  A centaur warrior (D)
  2 orc high priests (D)
  An orc sorcerer (D)
  3 deep elf magi (D)
  A shadow (D)
  A spatial vortex (D)
  2 orc warriors (D)
  A necrophage (D)
  2 centaurs (D)
  An earth elemental (D)
  A water elemental (D)
  A jelly (D)
  An orc priest (D)
  A wizard (D)
  2 orc wizards (D)
  A necromancer (D)
  3 humans (D)
  A kobold demonologist (D)
  A wolf (D)
  10 orcs (D)
  4 rats (D)
42 creatures vanquished.

Notes
Turn   | Place    | Note
-------+----------+-------------------------------------------
     0 | D        | rocky1 the Merfolk Gladiator began the quest for the Orb.
     0 | D        | Reached XP level 1. HP: 16/16 MP: 1/1
    38 | D        | Reached skill level 5 in Polearms
    64 | D        | Reached skill level 6 in Polearms
    64 | D        | Reached skill level 5 in Dodging
    64 | D        | Reached XP level 2. HP: 10/25 MP: 2/2
    71 | D        | Reached XP level 3. HP: 4/31 MP: 3/3
   346 | D        | Gained mutation: You are frail. (-10% HP) [potion of
                  | mutation]
   346 | D        | Gained mutation: Your spells are a little harder to cast,
                  | but a little more powerful. [potion of mutation]
   346 | D        | Gained mutation: Your muscles are strong. (Str +2) [potion
                  | of mutation]
   346 | D        | Gained mutation: You are partially covered in yellow
                  | scales. (AC +2) [potion of mutation]
   347 | D        | Lost mutation: Your muscles are strong. (Str +2) [potion of
                  | mutation]
   347 | D        | Lost mutation: Your spells are a little harder to cast, but
                  | a little more powerful. [potion of mutation]
   347 | D        | Gained mutation: Scrolls take you a little longer to read.
                  | [potion of mutation]
   347 | D        | Gained mutation: Your system is resistant to poisons.
                  | (rPois) [potion of mutation]
   348 | D        | Lost mutation: Scrolls take you a little longer to read.
                  | [potion of mutation]
   348 | D        | Lost mutation: You are frail. (-10% HP) [potion of
                  | mutation]
   348 | D        | Lost mutation: Your system is resistant to poisons. (rPois)
                  | [potion of mutation]
   348 | D        | Gained mutation: Your mind is acute. (Int +2) [potion of
                  | mutation]
   348 | D        | Gained mutation: Your movements are slightly less
                  | encumbered by armour. (ER -2) [potion of mutation]
   348 | D        | Gained mutation: You have an increased reservoir of magic.
                  | (+10% MP) [potion of mutation]
   388 | D        | Noticed a water elemental
   393 | D        | Killed a water elemental
   393 | D        | Reached skill level 5 in Fighting
   393 | D        | Reached skill level 8 in Polearms
   393 | D        | Reached XP level 4. HP: 40/40 MP: 4/4
   437 | D        | Noticed a shadow
   446 | D        | Killed a shadow
   446 | D        | Reached skill level 10 in Polearms
   446 | D        | Reached skill level 10 in Dodging
   446 | D        | Reached XP level 5. HP: 36/49 MP: 5/5
   446 | D        | Reached XP level 6. HP: 42/56 MP: 6/6
   449 | D        | Reached skill level 11 in Polearms
   534 | D        | Found a blossoming altar of Fedhas.
   534 | D        | Found a stormy altar of Qazlal.
   534 | D        | Found a snail-covered altar of Cheibriados.
   534 | D        | Found a burning altar of Makhleb.
   534 | D        | Found a shimmering altar of Xom.
   534 | D        | Noticed a spatial vortex
   535 | D        | Found a hazy altar of Hepliaklqana.
   535 | D        | Found an opulent altar of Gozag.
   535 | D        | Found a sparkling altar of Nemelex Xobeh.
   535 | D        | Found a corrupted altar of Lugonu.
   535 | D        | Found a viscous altar of Jiyva.
   538 | D        | Became a worshipper of Cheibriados the Contemplative
   547 | D        | Killed a spatial vortex
   547 | D        | Reached skill level 12 in Polearms
   675 | D        | Found a basalt altar of Yredelemnul.
   675 | D        | Found a shadowy altar of Dithmenos.
   675 | D        | Found a sacrificial altar of Ru.
   675 | D        | Noticed a necrophage
   693 | D        | Killed a necrophage
   693 | D        | Reached * piety under Cheibriados
   693 | D        | Reached XP level 7. HP: 60/64 MP: 6/9
   712 | D        | Found a hide-covered altar of Uskayaw.
   712 | D        | Found a roughly hewn altar of Beogh.
   712 | D        | Found an iron altar of Okawaru.
   712 | D        | Found a bloodstained altar of Trog.
   712 | D        | Found an ornate altar of the Wu Jian Council.
   712 | D        | Noticed a human
   713 | D        | Noticed a human
   727 | D        | Killed a human
   727 | D        | Reached skill level 10 in Fighting
   747 | D        | Killed a human
   747 | D        | Reached skill level 13 in Polearms
   961 | D        | Found a radiant altar of Vehumet.
   961 | D        | Found a shimmering blue altar of Sif Muna.
   961 | D        | Found an ancient bone altar of Kikubaaqudgha.
   964 | D        | Reached ** piety under Cheibriados
  1058 | D        | Found a glowing silver altar of Zin.
  1058 | D        | Found a glowing golden altar of the Shining One.
  1058 | D        | Found a white marble altar of Elyvilon.
  1059 | D        | Noticed a deep elf mage
  1074 | D        | Killed a deep elf mage
  1074 | D        | Reached skill level 14 in Polearms
  1074 | D        | Reached XP level 8. HP: 72/75 MP: 11/13
  1113 | D        | Noticed Snorg
  1123 | D        | Killed Snorg
  1123 | D        | Reached *** piety under Cheibriados
  1123 | D        | Reached skill level 15 in Polearms
  1123 | D        | Reached XP level 9. HP: 72/82 MP: 13/16
  1219 | D        | Noticed a centaur warrior
  1231 | D        | Killed a centaur warrior
  1231 | D        | Reached skill level 16 in Polearms
  1231 | D        | Reached skill level 15 in Dodging
  1236 | D        | Reached **** piety under Cheibriados
  1440 | D        | Noticed an orc high priest
  1448 | D        | Noticed an ice devil
  1448 | D        | Noticed a soul eater
  1449 | D        | Killed an orc high priest
  1449 | D        | Reached skill level 10 in Invocations
  1449 | D        | Reached XP level 10. HP: 92/92 MP: 17/19
  1450 | D        | Reached ***** piety under Cheibriados
  1459 | D        | Noticed an orc sorcerer
  1467 | D        | Killed an orc sorcerer
  1467 | D        | Reached skill level 17 in Polearms
  1519 | D        | Reached ****** piety under Cheibriados
  1537 | D        | Noticed an orc high priest
  1546 | D        | Killed an orc high priest
  1546 | D        | Reached skill level 1 in Armour
  1737 | D        | Found Xuguonum's Antique Weapon Shop.
  1773 | D        | Noticed a deep elf mage
  1773 | D        | Noticed a deep elf mage
  1773 | D        | Noticed a deep elf knight
  1773 | D        | Noticed a deep elf mage
  1773 | D        | Noticed a deep elf knight
  1783 | D        | Killed a deep elf mage
  1790 | D        | Killed a deep elf mage
  1791 | D        | Mangled by a deep elf knight

Illustrated notes

Levels and vault maps discovered:
D:        dungeon_sprint_mu [sprint_mu_entry_cave, sprint_mu_temple_rooms,
          sprint_mu_d1_horrors, sprint_mu_d2_genie, sprint_mu_d3_branching,
          sprint_mu_orc_legion, sprint_mu_elf_gauntlet, sprint_mu_hive_nellie,
          sprint_mu_lair_fedhas, sprint_mu_vaults_butterflies,
          sprint_mu_slime_circle, sprint_mu_swamp_cave, sprint_mu_shoals_archi,
          sprint_mu_blade_basic, sprint_mu_crypt_chambers,
          sprint_mu_tomb_spiral, sprint_mu_vestibule_basic,
          sprint_mu_gehenna_hellfire, sprint_mu_dis_giant,
          sprint_mu_tartarus_statrot, sprint_mu_cocytus_islands, sprint_mu_zot1]

Skill      XL: |  1  2  3  4  5  6  7  8  9 10 |
---------------+-------------------------------+-----
Polearms       | 6 8 10 12 14 15 16 17 | 17.7
Fighting       | 4 5 8 9 11 12 13 14 | 14.0
Dodging        | 5 6 7 10 11 13 14 15 16 | 16.5
Invocations    | 2 6 8 10 11 | 11.2
Armour         | 2 |  2.7
Throwing       | |  2.0

Action                   |  1- 3 |  4- 6 |  7- 9 | 10-12 || total
-------------------------+-------+-------+-------+-------++-------
Melee: Trident           |    33 |    37 |   104 |    62 ||   236
       Tailslap          |       |       |    11 |     5 ||    16
  Use: Potion            |     5 |       |     1 |     1 ||     7
 Stab: Sleeping          |       |       |     2 |       ||     2
Armor: Leather armour    |     5 |     3 |     7 |       ||    15
Dodge: Dodged            |    10 |    16 |    90 |    15 ||   131

Table legend: (Time is in decaauts)
 A = Elapsed time spent in this place.
 B = Non-inter-level travel time spent in this place.
 C = Inter-level travel time spent in this place.
 D = Time resting spent in this place.
 E = Time spent auto-exploring this place.
 F = Levels seen in this place.
 G = Mean time per level.
                   A        B        C        D        E       F      G
               +--------+--------+--------+--------+--------+-----+--------+
         Total |   1832 |   1832 |      0 |   1236 |      0 |   1 | 1832.0 |
       Dungeon |   1832 |   1832 |      0 |   1236 |      0 |   1 | 1832.0 |
               +--------+--------+--------+--------+--------+-----+--------+

Top non-repeatable levels by time:
       D: 1832 daAuts
